 Dungeon Crawl Stone Soup version 0.28.0-43-g3370ac3207 (webtiles) character file.

Game seed: 8427979433807465780

22503 smarlow the Warrior (level 12, 0/118 (119) HPs)
             Began as a Minotaur Fighter on Mar 3, 2022.
             Slain by Frances
             ... wielding a +0 short sword
              (6 damage)
             ... on level 13 of the Dungeon.
             The game lasted 00:29:42 (13941 turns).

smarlow the Warrior (Minotaur Fighter)             Turns: 13941, Time: 00:29:42

HP:   0/118 (119)   AC: 16    Str: 36    XL:     12   Next: 63%
MP:   11/11         EV: 10    Int:  5    God:
Gold: 850           SH:  0    Dex: 13    Spells: 11/11 levels left

rFire   + . .      SeeInvis +   a - +0 war axe (spect)
rCold   x . .      Faith    .   c - +0 buckler
rNeg    . . .      Spirit   .   b - +1 scale mail
rPois   +          Reflect  .   F - +2 hat
rElec   .          Harm     .   A - +1 cloak {Will+}
rCorr   .          Rampage  .   (no gloves)
Will    +....                   l - +0 pair of boots
Stlth   ..........              D - amulet of the acrobat
HPRegen 0.29/turn               x - +6 ring of strength
MPRegen 0.12/turn               t - ring "Koletiaf" {Fire rPois Str+3 Dex+4 SInv}

@: confused, about to teleport, ambrosia-drunk, spiked, hasted (expiring),
lightly drained, very quick
A: horns 2, retaliatory headbutt
a: no special abilities


You were on level 13 of the Dungeon.
You visited 2 branches of the dungeon, and saw 14 of its levels.
You also visited: Ice Cave.

You collected 850 gold pieces.

Inventory:

Hand Weapons
 a - a +0 spectral war axe (weapon)
 n - the +6 battleaxe of Ybbu {vamp, *Corrode rElec rF+ rN++}
   (You found it on level 12 of the Dungeon)

   It occasionally heals its wielder for a portion of the damage dealt when it
   wounds a living foe.
   rF:        It protects you from fire.
   rElec:     It insulates you from electricity.
   rN:        It greatly protects you from negative energy.
   *Corrode:  It may corrode you when you take damage.
Missiles
 y - a throwing net (quivered)
Armour
 b - a +1 scale mail (worn)
 c - a +0 buckler (worn)
 d - a +2 buckler
 l - a +0 pair of boots (worn)
 A - a +1 cloak of willpower (worn)
 B - a scarf of harm
 F - a +2 hat (worn)
Jewellery
 h - an amulet of faith
 q - a ring of willpower
 t - the ring "Koletiaf" (right hand) {Fire rPois Str+3 Dex+4 SInv}
   (You acquired it on level 8 of the Dungeon)

   [ring of fire]

   It enhances your fire magic.
   Str:       It affects your strength (+3).
   Dex:       It affects your dexterity (+4).
   rF:        It protects you from fire.
   rC:        It makes you vulnerable to cold.
   rPois:     It protects you from poison.
   SInv:      It lets you see invisible.
 v - a ring of resist corrosion
 x - a +6 ring of strength (left hand)
 D - an amulet of the acrobat (around neck)
 G - a +4 ring of evasion
Wands
 m - a wand of digging (3)
 o - a wand of polymorph (13)
 u - a wand of iceblast (4)
 I - a wand of paralysis (15)
Scrolls
 g - a scroll of teleportation
 k - 3 scrolls of immolation
 p - 2 scrolls of amnesia
 s - 2 scrolls of enchant armour
 C - a scroll of brand weapon
Potions
 w - 3 potions of flight
 J - a potion of curing


   Skills:
 * Level 15.1 Fighting
 * Level 14.8 Axes
 + Level 11.0 Armour
 + Level 11.2 Shields


You had 11 spell levels left.
You didn't know any spells.
Your spell library contained the following spells:

 Spells                   Type           Power      Damage    Failure   Level
 Apportation              Tloc           0%         N/A       71%         1
 Confusing Touch          Hex            0%         N/A       97%         3
 Tukima's Dance           Hex            0%         N/A       97%         3
 Anguish                  Hex/Necr       0%         N/A       100%        4
 Alistair's Intoxication  Tmut/Pois      0%         N/A       100%        5
 Iskenderun's Battlesphe  Conj           0%         2d6       100%        5
 Yara's Violent Unravell  Hex/Tmut       0%         3d3       100%        5
 Iron Shot                Conj/Erth      0%         9d1       100%        6
 Enfeeble                 Hex            0%         N/A       100%        7
 Spellforged Servitor     Conj/Summ      0%         N/A       100%        7


Dungeon Overview and Level Annotations

Branches:
Dungeon (13/15)            Temple (1/1) D:5             Orc (0/2) D:9
  IceCv (visited)
   Lair: D:8-11      Vaults: D:13-14

Altars:
Ashenzari
Cheibriados
Dithmenos
Elyvilon
Fedhas
Gozag
Hepliaklqana
Kikubaaqudgha
Makhleb
Nemelex Xobeh
Qazlal
Ru
Sif Muna
Trog
Uskayaw
Vehumet
Wu Jian
Xom
Zin
The Shining One

Shops:
D:1 :

Annotations:
D:13 Frances, Kirke


Innate Abilities, Weirdness & Mutations

You have a pair of horns on your head.
You reflexively headbutt those who attack you in melee.


Message History

You slice the centaur!!
You kill the centaur!
You slash Frances! You slash Kirke! You completely miss the hog.
You slice the sphinx!!
Your +0 spectral war axe barely misses Frances.
An acid dragon comes into view.
You block the red devil's attack. The hog bites you but does no damage.
Frances closely misses you. You furiously retaliate!
You headbutt Frances, but do no damage.
Okay, then.
As you read the scroll of fear, it crumbles to dust.
You assume a fearsome visage.
The sphinx resists with almost no effort.
The red devil looks frightened!
The acid dragon looks frightened!
The acid dragon roars!
Kirke easily resists.
The hog looks frightened!
Frances resists with almost no effort.
The sphinx hits you.
* * * LOW HITPOINT WARNING * * *
The sphinx hits you but does no damage. The sphinx barely misses you.
Kirke hits you but does no damage.
Frances chants phrases taken from a devil's mouth.
A troll comes into view.
As you read the scroll of teleportation, it crumbles to dust.
You feel strangely unstable. The sphinx misses you. You furiously retaliate!
You headbutt the sphinx. You block the sphinx's attack. x2
Frances hits you with a +0 short sword.
* * * LOW HITPOINT WARNING * * *
You are confused.
You feel invigorated. Kirke closely misses you.
The orange demon barely misses you.
The hellwing swoops through the air toward you!
The hellwing hits you but does no damage.
The hellwing hits you.
* * * LOW HITPOINT WARNING * * *
Frances hits you with a +0 short sword.
* * * LOW HITPOINT WARNING * * *
You are more confused.
You feel more invigorated.
The sphinx hits you but does no damage. x3
Frances hits you with a +0 short sword.
You die...

,* #........))#**#####>... ,*
#.....#)†##..#* #.... ,*
#....#..#.###$# ##.## ,*
#......#.#.#**# **#.# ,*
#.h.#.....### *,..# ,*
#.......###.#* *.###
,*********#.....#....#,* *,*
,,,,,,,,,,...#.4H#4###******,****
**,,,,,,**##...#@§#.#** *,,,,,,,,
,+,,,,,,+,*#...@@§.#.[* *,*,*,***
,*,>,,,,*,*#....C.(.### *,*,*,*,,
**,,,,,,*.....#.##### *,*,***,#
**,,,,,,*#..4...,,,,*** *,*,,,,,#
**,,,,,,*#.#....,,,*,,* *,******#
**,,,,,,*#,+,.T#,,*,*** *,*,,,,..
**,,,,,,****.#.,,*,******,*,#####
****+**** *,,,,*,,,,*,**,,,#....


You could see Frances (fast), Kirke (invisible), a sphinx (summoned), an orange
demon (summoned), a cyclops, a hellwing (summoned), a troll, a hog (fleeing) and
a red devil (summoned, fleeing).

Vanquished Creatures
  Josephine (D:12)
  A boulder beetle (D:13)
  3 centaur warriors
  4 two-headed ogres
  A deep elf pyromancer (D:13)
  4 ugly things
  A cyclops (D:11)
  4 manticores
  Joseph (D:8)
  Maggie (D:8)
  2 komodo dragons
  6 trolls
  2 slime creatures (D:13)
  Sigmund (D:6)
  3 wraiths (D:12)
  2 vampires
  A dire elephant simulacrum (IceCv)
  12 yaks
  A wyvern (D:10)
  A basilisk (D:12)
  A shadow (D:12)
  4 hogs (D:13)
  A death yak simulacrum (D:13)
  Grum (D:11)
  2 redbacks (D:12)
  Menkaure (D:7)
  2 steam dragons (D:7)
  3 water moccasins
  A sky beast (D:8)
  5 orc warriors
  2 ice beasts (D:6)
  2 black bears (D:8)
  2 wolves (D:11)
  A necrophage (D:6)
  An ogre (D:5)
  5 centaurs
  2 kobold brigands
  3 bullfrogs
  A wyvern zombie (D:8)
  A scorpion (D:4)
  A water moccasin zombie (D:6)
  A wyvern skeleton (D:5)
  A killer bee (D:9)
  8 wights
  3 howler monkeys
  An electric eel (D:12)
  7 centaur zombies
  4 bullfrog zombies
  A gnoll shaman (D:10)
  A jelly (D:6)
  4 orc priests
  2 hounds
  12 orc wizards
  6 iguanas
  2 polar bear simulacra (IceCv)
  3 troll simulacra (D:13)
  2 spriggan simulacra (D:13)
  2 hound skeletons (D:4)
  3 gnolls (D:10)
  4 howler monkey zombies
  10 adders
  2 naga simulacra (D:13)
  A shadow imp (D:3)
  A white imp (D:5)
  4 ufetubi
  2 worms (D:3)
  2 dart slugs
  40 orcs
  8 ball pythons
  2 bats
  12 endoplasms
  A giant cockroach (D:1)
  9 hobgoblins
  13 jackals
  13 kobolds
  2 quokkas
  5 frilled lizards
  10 goblins
  3 rats
301 creatures vanquished.

Vanquished Creatures (others)
  A hobgoblin (D:4)
1 creature vanquished.

Grand Total: 302 creatures vanquished

Notes
Turn   | Place    | Note
-------+----------+-------------------------------------------
     0 | D:1      | smarlow the Minotaur Fighter began the quest for the Orb.
     0 | D:1      | Reached XP level 1. HP: 19/19 MP: 0/0
    72 | D:1      | Reached XP level 2. HP: 27/27 MP: 1/1
   116 | D:1      | Reached skill level 4 in Fighting
   177 | D:1      | Found Asmevame's Book Boutique.
   345 | D:1      | Reached XP level 3. HP: 29/33 MP: 2/2
   577 | D:2      | You fall into a shaft and drop 2 floors!
   927 | D:2      | Reached XP level 4. HP: 41/41 MP: 3/3
  1706 | D:2      | Found a hazy altar of Hepliaklqana.
  2029 | D:3      | Reached XP level 5. HP: 30/47 MP: 4/4
  2030 | D:3      | Reached skill level 5 in Fighting
  3365 | D:4      | Reached XP level 6. HP: 53/56 MP: 5/5
  3557 | D:4      | Found a sparkling altar of Nemelex Xobeh.
  3563 | D:4      | Found an ancient bone altar of Kikubaaqudgha.
  3564 | D:4      | Found a glowing silver altar of Zin.
  3568 | D:4      | Found a white marble altar of Elyvilon.
  3753 | D:4      | Found a bloodstained altar of Trog.
  3801 | D:5      | Entered Level 5 of the Dungeon
  3811 | D:5      | Reached skill level 5 in Axes
  4005 | D:5      | Reached skill level 5 in Shields
  4093 | D:5      | Reached skill level 6 in Fighting
  4132 | D:5      | Reached skill level 5 in Armour
  4279 | D:5      | Reached XP level 7. HP: 36/64 MP: 6/6
  4540 | D:5      | Found a staircase to the Ecumenical Temple.
  4550 | Temple   | Entered the Ecumenical Temple
  5022 | D:6      | Reached skill level 7 in Fighting
  5044 | D:6      | Found a hide-covered altar of Uskayaw.
  5371 | D:6      | Reached XP level 8. HP: 73/73 MP: 7/7
  5433 | D:6      | Found a radiant altar of Vehumet.
  5623 | D:6      | Noticed Sigmund
  5631 | D:6      | Killed Sigmund
  5632 | D:6      | Reached skill level 8 in Fighting
  6196 | D:7      | Noticed Menkaure
  6214 | D:7      | Killed Menkaure
  6572 | D:7      | Reached skill level 9 in Fighting
  6572 | D:7      | Reached XP level 9. HP: 72/83 MP: 8/8
  7409 | D:8      | Noticed Joseph
  7425 | D:8      | Killed Joseph
  7587 | D:8      | Reached skill level 10 in Fighting
  7693 | D:8      | Noticed Maggie
  7698 | D:8      | Paralysed by Maggie for 2 turns
  7705 | D:8      | Killed Maggie
  7707 | D:8      | Reached skill level 10 in Axes
  8254 | D:9      | Reached XP level 10. HP: 94/94 MP: 9/9
  8304 | D:9      | Noticed a death knight
  8304 | D:9      | Noticed a white ugly thing
  8396 | D:9      | Killed a white ugly thing
  8397 | D:9      | Reached skill level 11 in Fighting
  8681 | D:8      | Identified a scroll of acquirement
  8681 | D:8      | Acquired the ring "Koletiaf" {Fire rPois Str+3 Dex+4 SInv}
  9019 | D:9      | Found a staircase to the Orcish Mines.
  9047 | D:9      | Found a hazy altar of Hepliaklqana.
  9117 | D:9      | Identified the +0 ring mail of a ziggurat {Int+2}
  9133 | D:9      | Noticed a centaur warrior
  9141 | D:9      | Killed a centaur warrior
  9145 | D:9      | Noticed a centaur warrior
  9153 | D:9      | Killed a centaur warrior
  9370 | D:9      | Noticed an eight-headed hydra
  9519 | D:10     | Entered Level 10 of the Dungeon
  9537 | D:10     | Noticed a green ugly thing
  9544 | D:10     | Killed a green ugly thing
  9646 | D:10     | Reached skill level 12 in Fighting
 10203 | D:10     | Reached XP level 11. HP: 83/104 MP: 10/10
 11016 | D:11     | Reached skill level 13 in Fighting
 11175 | D:11     | Noticed a two-headed ogre
 11184 | D:11     | Noticed Grum
 11186 | D:11     | Killed a two-headed ogre
 11187 | D:11     | Reached skill level 10 in Shields
 11191 | D:11     | Killed Grum
 11641 | D:12     | Noticed Josephine
 11646 | D:12     | Killed Josephine
 11647 | D:12     | Reached skill level 10 in Armour
 12063 | D:12     | Noticed a two-headed ogre
 12082 | D:12     | Killed a two-headed ogre
 12083 | D:12     | Reached skill level 14 in Fighting
 12083 | D:12     | Reached XP level 12. HP: 60/117 MP: 11/11
 12346 | D:12     | Identified the +6 battleaxe of Ybbu {vamp, *Corrode rElec
                  | rF+ rN++}
 12420 | D:12     | Noticed a four-headed hydra
 13016 | D:13     | Noticed an eight-headed hydra
 13063 | D:13     | Found a frozen archway.
 13099 | IceCv    | Entered an ice cave
 13109 | IceCv    | Found a transporter.
 13470 | IceCv    | Found a transporter.
 13878 | D:13     | Noticed a boulder beetle
 13886 | D:13     | Noticed a two-headed ogre
 13893 | D:13     | Killed a two-headed ogre
 13907 | D:13     | Killed a boulder beetle
 13917 | D:13     | Noticed a centaur warrior
 13917 | D:13     | Noticed a two-headed ogre
 13918 | D:13     | Noticed Kirke
 13919 | D:13     | Noticed Frances
 13925 | D:13     | Killed a centaur warrior
 13928 | D:13     | Killed a two-headed ogre
 13929 | D:13     | Reached skill level 15 in Fighting
 13930 | D:13     | Noticed a sphinx
 13938 | D:13     | HP: 5/118 [sphinx[Kirke] (6)]
 13940 | D:13     | HP: 2/118 [Frances/+0 short sword (1)]
 13941 | D:13     | Slain by Frances

Illustrated notes

Levels and vault maps discovered:
D:1:      dpeg_arrival_shrine, layout_basic, serial_shops, nicolae_shop_crystal,
          minmay_misc_feat_nine_boxes
D:2:      layout_basic, basic_altar
D:3:      layout_basic, minivault_24, kennysheep_generic_room_4
D:4:      layout_basic, lemuel_coloured_pillars_altar, minitemple
D:5:      layout_gridville, temple_green, st_stairs_10, kennysheep_small_square
D:6:      layout_loops_ring, mainiacjoe_overflow_cross_hatched,
          nicolae_uskayaw_dance_hall, grunt_ministairs_13, uniq_sigmund
D:7:      layout_basic, kennysheep_small_circle, uniq_menkaure
D:8:      layout_basic, kennysheep_doodads, uniq_maggie, uniq_joseph
D:9:      minmay_the_grid_octo_2x2 [minmay_the_grid_octo_toaster,
          minmay_the_grid_octo_pinwheel, minmay_the_grid_octo_checkered,
          minmay_the_grid_octo_prize_single_spiral], layout_gridville,
          mainiacjoe_overflow_catwalk_spiral, mainiacjoe_overflow_alcove_1,
          lair_entry_dummy, orc_0_dummy
D:10:     layout_basic
D:11:     layout_big_octagon, uniq_grum
D:12:     nicolae_BIG_FREAKIN_CUBE, layout_basic, uniq_josephine
D:13:     layout_roguey, grunt_vaults_entry_tiered, serial_shops,
          nicolae_shop_stone, portal_ice_cave_entry_ice_simulacra,
          minmay_increasing_density, uniq_kirke, uniq_frances
Temple:   nicolae_temple_no_exploring_needed

Skill      XL: |  1  2  3  4  5  6  7  8  9 10 11 12 |
---------------+-------------------------------------+-----
Fighting       | 4 5 6 7 9 10 12 14 15 | 15.1
Axes           | 3 4 5 6 8 10 12 13 14 | 14.8
Armour         | 4 5 6 7 9 10 11 | 11.0
Shields        | 4 5 6 8 9 10 11 | 11.2

Action                   |  1- 3 |  4- 6 |  7- 9 | 10-12 || total
-------------------------+-------+-------+-------+-------++-------
Melee: War axe           |    84 |   167 |   259 |   305 ||   815
       Headbutt          |     6 |    28 |    58 |    81 ||   173
Throw: Throwing net      |       |       |       |     1 ||     1
Evoke: Wand              |       |       |       |     6 ||     6
  Use: Scroll            |       |     5 |     1 |    24 ||    30
       Potion            |       |     1 |       |    14 ||    15
 Stab: Petrified         |       |       |       |     3 ||     3
       Distracted        |       |       |       |     5 ||     5
       Invisible         |       |       |       |     1 ||     1
Armor: Scale mail        |    31 |    89 |   150 |   168 ||   438
Dodge: Dodged            |    43 |    92 |    97 |   139 ||   371
Block: Buckler           |    18 |    34 |    62 |    99 ||   213
